Map: Crimson Research Lab LE

Players

Ekelpack - Winner!

  • Race: Zerg Zerg
  • Spawn Location: 11:00

Nyck - Winner!

  • Race: Terran Terran
  • Spawn Location: 11:00

Finanzamt

  • Race: Zerg Zerg
  • Spawn Location: 5:00

weltsturz

  • Race: Zerg Zerg
  • League: Master
  • Spawn Location: 5:00

VOD

Have the link to the VOD?

Description

Time

  • Played on: Feb. 11, 2025, 2:47 p.m.
  • Length: 20:49
Show
View Real Time Build Order
Export as new Build Order

Ekelpack Zerg - Winner!

Build Orders: Hatch First 

Get SALT Encoding   

  12  0:00  Drone  
  13  0:12  Overlord  
  13  0:17  Drone  
  14  0:30  Drone  
  14  0:31  Drone  
  14  0:34  Drone  
  17  0:47  Drone  
  18  0:55  Hatchery  
  17  0:58  Drone  
  17  1:00  Extractor  
  17  1:13  Spawning Pool  
  17  1:15  Drone  
  17  1:20  Drone  
  18  1:29  Drone  
  19  1:39  Drone  
  20  2:00  Queen  
  22  2:08  Queen  
  24  2:10  Drone  
  24  2:13  Metabolic Boost  
  24  2:15  Overlord  
  25  2:17  Drone  
  25  2:21  Drone  
  27  2:24  Drone  
  28  2:33  Drone  
  28  2:34  Drone  
  30  2:43  Lair  
  30  2:49  Zergling x6  
  33  2:55  Extractor  
  32  2:59  Zergling x4, Extractor  
  32  3:02  Zergling x2  
  34  3:14  Drone x2, Overlord  
  36  3:28  Overlord  
  36  3:37  Drone x3  
  39  3:42  Drone  
  39  3:43  Drone x2  
  39  3:45  Spire  
  39  4:04  Drone  
  39  4:05  Drone x3  
  43  4:16  Zergling x2  
  43  4:17  Zergling x6  
  43  4:45  Zergling x2  
  43  4:46  Zergling x12  
  43  4:47  Zergling x4  
  52  4:55  Extractor  
  52  4:56  Overlord  
  52  4:58  Overlord  
  51  5:18  Mutalisk x2  
  51  5:19  Mutalisk x4  
  63  5:31  Drone  
  64  5:37  Zerg Flyer Weapons Level 1, Mutalisk x2  
  68  5:50  Overlord  
  68  6:11  Mutalisk x4  
  68  6:16  Overlord x2  
  68  6:17  Hatchery  
  75  6:44  Mutalisk x2  
  75  6:45  Zergling x4, Overlord  
  75  6:46  Overlord x3  
  77  7:11  Mutalisk x4  
  72  7:28  Overlord x2  
  70  7:31  Drone x3  
  73  7:50  Extractor  
  73  7:51  Drone x4  
  74  7:52  Drone x2  
  74  7:54  Zerg Flyer Weapons Level 2  
  74  8:32  Drone x6  
  74  8:33  Drone  
  81  8:42  Overlord x2  
  81  8:43  Mutalisk x6  
  81  8:44  Mutalisk  
  95  8:51  Infestation Pit  
  92  8:59  Extractor  
  91  9:03  Overlord  
  91  9:40  Zergling x2  
  91  9:41  Zergling x6  
  89  10:07  Mutalisk x6  
  89  10:08  Mutalisk x6  
  113  10:15  Queen  
  113  10:17  Hive  
  113  10:20  Zergling x6  
  113  10:21  Zergling x8  
  122  10:31  Hatchery, Overlord x2  
  101  11:23  Mutalisk x2  
  101  11:24  Overlord, Mutalisk x4  
  101  11:25  Zergling x2, Overlord, Mutalisk  
  116  11:26  Zergling x10  
  116  11:30  Drone x3  
  98  12:09  Drone x2, Extractor  
  98  12:10  Drone x6  
  98  12:11  Drone, Extractor  
  98  12:14  Zerg Flyer Weapons Level 3  
  105  12:18  Ultralisk Cavern  
  105  12:20  Evolution Chamber  
  105  12:21  Evolution Chamber  
  102  12:46  Adrenal Glands  
  102  12:50  Hatchery  
  72  13:07  Ultralisk x4  
  72  13:08  Ultralisk x3  
  113  13:30  Drone x2  
  113  13:31  Drone x3  
  118  13:34  Hatchery  
  95  14:26  Zerg Melee Weapons Level 1  
  95  14:27  Chitinous Plating, Zerg Ground Armor Level 1  
  89  14:39  Ultralisk  
  89  14:40  Zergling x4, Ultralisk x3  
  89  14:41  Zergling x2  
  96  14:49  Drone  
  96  14:50  Drone x2  
  96  14:51  Drone x2  
  95  15:05  Drone  
  90  15:23  Ultralisk x4  
  90  15:24  Ultralisk  
  120  15:29  Ultralisk x4  
  144  15:42  Drone x2  
  146  15:43  Drone  
  146  15:46  Drone x2  
  146  15:47  Drone  
  146  15:48  Anabolic Synthesis  
  150  16:00  Drone  
  112  16:21  Zergling x2, Ultralisk x3  
  112  16:22  Zergling x6  
  98  16:43  Ultralisk x4  
  98  16:44  Zergling x6  
  98  16:45  Zergling x12  
  98  16:46  Zergling x8  
  125  17:34  Ultralisk  
  125  17:35  Ultralisk x3  
  149  17:50  Hatchery  
  148  17:53  Hatchery  
  148  17:54  Extractor  
  148  17:57  Extractor  
  108  18:15  Ultralisk x3  
  125  18:26  Zergling x10  
  125  18:27  Zergling x6  
  121  18:36  Zergling x2  
  121  18:37  Zergling x10  
  127  18:54  Drone x6  
  127  18:55  Drone x2  
  135  19:13  Zergling x10  
  135  19:14  Zergling x4  
  125  19:25  Zergling x8  
  125  19:26  Zergling x2  
  65  19:31  Zergling x6  
  54  19:41  Ultralisk x2  
  60  19:55  Drone x2  
  62  20:00  Zergling x8  
  62  20:01  Zergling x10  
  71  20:15  Extractor  
  71  20:16  Drone  
  71  20:17  Extractor  
  70  20:28  Drone x6  
  75  20:32  Drone x2  
  75  20:33  Hatchery  
Show
View Real Time Build Order
Export as new Build Order

Nyck Terran - Winner!

Build Orders: 2 Factory 

Get SALT Encoding   

  12  0:00  SCV  
  13  0:12  SCV  
  14  0:19  Supply Depot  
  14  0:25  SCV  
  15  0:40  SCV  
  15  0:42  Barracks  
  16  0:50  Refinery  
  16  0:52  SCV  
  17  1:04  SCV  
  18  1:17  SCV  
  19  1:29  Barracks  
  19  1:33  Reaper  
  19  1:35  Orbital Command  
  20  1:41  Refinery  
  20  2:03  SCV  
  21  2:16  SCV  
  21  2:18  Barracks Reactor  
  21  2:21  Barracks Tech Lab  
  22  2:23  Command Center  
  22  2:29  SCV  
  23  3:06  Supply Depot  
  23  3:07  Combat Shield, SCV, Marine x3  
  27  3:19  SCV  
  28  3:26  Factory x2  
  28  3:31  SCV  
  29  3:35  Orbital Command  
  29  3:42  Marine x3  
  29  3:45  SCV  
  33  3:56  Supply Depot  
  33  4:01  SCV x2  
  35  4:13  SCV x2  
  37  4:18  Marine x3  
  34  4:25  SCV  
  34  4:26  SCV  
  34  4:29  Hellion x2  
  34  4:43  SCV x2  
  36  4:53  Hellion  
  36  4:54  Factory, Hellion  
  40  5:02  SCV  
  40  5:03  SCV  
  42  5:18  SCV x2  
  41  5:31  SCV x2  
  41  5:32  Hellion x2  
  41  5:35  Refinery  
  47  5:43  SCV x2, Marine x3  
  52  5:55  SCV x2  
  54  6:10  Engineering Bay  
  54  6:12  SCV x2, Armory  
  54  6:15  Factory Tech Lab x2  
  54  6:16  Factory Tech Lab  
  56  6:21  Command Center  
  56  6:24  SCV x2  
  58  6:49  SCV  
  58  6:50  SCV  
  60  7:01  SCV  
  60  7:02  SCV  
  50  7:18  SCV x2  
  52  7:24  Hellbat  
  52  7:25  Hellbat x2  
  52  7:26  Infernal Pre-Igniter  
  58  7:33  Smart Servos  
  58  7:34  SCV x2  
  58  7:35  Planetary Fortress  
  60  7:39  Neosteel Armor  
  60  7:43  Terran Vehicle And Ship Armor Level 1  
  60  7:45  Armory  
  60  7:57  Hellbat x3  
  65  8:21  SCV  
  65  8:22  SCV  
  67  8:28  SCV  
  67  8:31  Hellbat x3  
  67  8:34  SCV x2  
  76  8:40  SCV  
  77  8:47  Command Center  
  77  8:48  Terran Vehicle Weapons Level 1  
  77  9:00  Supply Depot  
  77  9:02  Supply Depot  
  77  9:16  Refinery  
  77  9:19  Refinery  
  77  9:22  SCV x2, Hellbat x3  
  77  9:23  SCV  
  77  9:24  Supply Depot x2  
  86  9:27  Hi-Sec Auto Tracking  
  86  9:34  SCV x2  
  86  9:35  SCV  
  89  9:43  Hellbat x2  
  95  9:46  SCV x2, Hellbat  
  95  9:47  Supply Depot  
  95  9:48  SCV  
  98  9:58  SCV x2, Marine x3  
  103  10:00  SCV  
  103  10:01  SCV  
  103  10:05  Hellbat x2  
  111  10:07  Hellbat  
  111  10:10  SCV x2  
  111  10:11  Supply Depot  
  111  10:12  SCV  
  115  10:16  Marine x3  
  117  10:22  SCV x2  
  117  10:24  SCV  
  117  10:26  Hellbat x2  
  117  10:27  Command Center  
  126  10:28  Command Center, Hellbat  
  126  10:30  Terran Vehicle And Ship Armor Level 2  
  126  10:33  Command Center  
  126  10:34  Terran Infantry Weapons Level 1  
  126  10:36  Marine x2, Refinery  
  126  10:37  Marine  
  129  10:46  SCV x3  
  129  10:47  Hellbat x2  
  138  10:50  Hellbat  
  138  10:58  SCV  
  132  11:09  Hellbat x2  
  128  11:11  Hellbat  
  117  11:25  Marine  
  117  11:26  Marine x2  
  117  11:30  Hellbat x2  
  126  11:32  Hellbat  
  126  11:43  Marine  
  126  11:44  Marine x2  
  128  11:51  Hellbat x2  
  103  12:01  Marine  
  103  12:02  Marine x2  
  100  12:10  Hellbat  
  100  12:12  SCV x2  
  100  12:13  SCV, Hellbat x2  
  100  12:14  Planetary Fortress  
  110  12:18  Planetary Fortress  
  109  12:24  SCV x2  
  109  12:25  SCV, Refinery  
  109  12:26  Marine x3, Refinery  
  115  12:31  Hellbat  
  115  12:34  Hellbat x2  
  121  12:46  Starport  
  121  12:48  Starport  
  121  12:56  SCV x5  
  121  12:57  Marine x3  
  129  12:59  Hellbat x3  
  135  13:08  SCV x5  
  135  13:09  Terran Vehicle Weapons Level 2  
  135  13:10  Terran Vehicle And Ship Armor Level 3  
  135  13:11  Terran Infantry Weapons Level 2  
  140  13:17  Engineering Bay  
  140  13:20  Hellbat  
  140  13:23  SCV x4  
  140  13:25  Starport  
  146  13:28  Starport Tech Lab  
  146  13:29  Starport Tech Lab  
  146  13:33  Armory  
  146  13:36  SCV x3  
  146  13:37  SCV x2  
  151  13:44  Thor x3  
  163  14:20  Stimpack  
  163  14:21  SCV x2  
  163  14:22  SCV x3  
  163  14:27  Thor x2  
  168  14:33  SCV, Thor  
  168  14:34  SCV  
  168  14:35  SCV x3  
  151  14:47  Marine x2, Marauder  
  151  14:50  Starport Tech Lab  
  155  15:00  Fusion Core  
  155  15:03  SCV x2, Terran Ship Weapons Level 1  
  155  15:06  Terran Infantry Armor Level 1  
  157  15:10  Thor x2  
  157  15:11  Orbital Command  
  157  15:12  SCV  
  170  15:28  Supply Depot  
  170  15:33  Terran Infantry Weapons Level 3  
  170  15:36  Terran Vehicle Weapons Level 3  
  170  15:49  Thor  
  170  15:50  SCV x2  
  170  15:54  Supply Depot  
  170  15:55  Supply Depot  
  170  15:56  Supply Depot  
  178  16:03  SCV x5  
  164  16:15  SCV x3  
  164  16:18  Supply Depot x2  
  163  16:19  Supply Depot  
  139  16:40  SCV x5  
  139  16:43  Thor x3  
  139  16:46  Battlecruiser x3  
  178  16:52  SCV x4  
  178  16:53  SCV  
  177  17:11  Terran Ship Weapons Level 2  
  177  17:15  Terran Infantry Armor Level 2  
  177  17:22  SCV x3, Refinery  
  180  17:23  SCV, Refinery  
  180  17:27  Refinery  
  181  17:30  Refinery  
  181  17:31  SCV  
  182  17:38  SCV x3  
  182  17:39  SCV  
  186  17:50  Battlecruiser  
  192  17:53  Refinery  
  192  17:57  SCV x4  
  187  18:29  Battlecruiser x2  
  187  18:31  SCV  
  182  19:40  Battlecruiser x2  
  182  19:41  Battlecruiser  
Show
View Real Time Build Order
Export as new Build Order

Finanzamt Zerg 

Build Orders: Pool First 

Get SALT Encoding   

  12  0:00  Drone  
  13  0:13  Overlord  
  13  0:30  Drone  
  13  0:31  Drone x2  
  16  0:41  Drone  
  17  0:46  Spawning Pool  
  16  0:51  Drone, Extractor  
  16  1:02  Drone  
  17  1:19  Drone  
  17  1:23  Hatchery  
  17  1:24  Drone  
  18  1:35  Queen  
  18  1:38  Zergling x2  
  21  1:46  Drone  
  22  1:59  Overlord  
  22  2:23  Drone  
  22  2:26  Hatchery  
  22  2:30  Overlord  
  22  2:31  Drone  
  23  2:49  Zergling x4  
  24  2:54  Drone x2  
  24  2:55  Drone x2  
  24  2:56  Queen  
  30  3:13  Drone x2  
  32  3:28  Overlord  
  32  3:29  Drone x4  
  32  3:31  Queen  
  32  3:33  Metabolic Boost  
  38  3:42  Lair  
  38  3:43  Drone  
  38  3:45  Drone  
  40  3:53  Queen  
  42  4:00  Drone x3  
  45  4:06  Extractor  
  44  4:11  Queen  
  46  4:34  Drone x2, Extractor  
  46  4:35  Overlord x2  
  46  4:36  Drone, Extractor  
  46  4:37  Drone x2  
  46  4:38  Drone x3  
  52  4:40  Drone x5  
  57  5:01  Overlord  
  57  5:02  Drone  
  57  5:03  Drone x10  
  68  5:07  Extractor  
  68  5:08  Extractor  
  66  5:24  Evolution Chamber  
  65  5:29  Spine Crawler  
  65  5:30  Drone, Evolution Chamber  
  65  5:31  Drone x3, Roach Warren  
  65  5:35  Drone x3  
  68  5:38  Drone x3  
  68  5:39  Drone  
  73  5:50  Queen  
  73  5:55  Hatchery  
  74  5:57  Spine Crawler, Overlord  
  74  5:58  Overlord  
  73  6:04  Hydralisk Den  
  73  6:07  Drone  
  73  6:09  Spire  
  73  6:11  Overlord x2  
  73  6:27  Spore Crawler  
  72  6:33  Spore Crawler  
  72  6:35  Spore Crawler x2  
  72  6:37  Spore Crawler  
  68  6:48  Roach x14  
  91  6:59  Hydralisk x5  
  97  7:32  Overlord x2  
  97  7:35  Hatchery, Queen  
  98  7:50  Hatchery, Queen  
  100  7:56  Drone x3  
  100  7:57  Drone x3  
  100  7:58  Drone  
  107  8:02  Drone x4  
  108  8:10  Queen  
  100  8:25  Queen  
  100  8:30  Hydralisk x7  
  100  8:33  Overlord x2  
  114  8:43  Spore Crawler  
  114  8:44  Overlord x2  
  113  8:52  Hydralisk x7  
  113  8:53  Hydralisk  
  129  8:59  Grooved Spines  
  129  9:03  Glial Reconstitution  
  129  9:07  Zerg Missile Weapons Level 1  
  117  9:36  Drone  
  116  9:49  Drone, Muscular Augments  
  116  9:50  Drone x16, Spore Crawler  
  132  9:54  Spore Crawler  
  127  10:17  Drone x13  
  127  10:18  Extractor  
  127  10:21  Extractor  
  138  10:29  Zerg Ground Armor Level 1  
  138  10:30  Tunneling Claws  
  140  10:35  Roach  
  140  10:36  Roach x5  
  116  11:15  Hydralisk x5  
  116  11:16  Hydralisk x11  
  112  11:42  Roach x7  
  112  11:43  Roach  
  126  12:00  Roach x6  
  122  12:22  Spore Crawler x2  
  120  12:24  Extractor  
  119  12:48  Hatchery, Hydralisk x9  
  136  12:58  Hatchery  
  135  13:18  Hatchery  
  134  13:24  Roach  
  134  13:25  Roach x5  
  146  13:41  Overlord x3  
  146  13:47  Overlord x3  
  146  14:00  Hydralisk x3  
  146  14:01  Hydralisk x9  
  108  14:52  Roach x4  
  106  14:53  Roach x14  
  126  15:13  Queen  
  126  15:16  Roach  
  126  15:17  Roach x9  
  146  15:28  Drone x5  
  148  15:32  Drone x3  
  154  15:45  Infestation Pit  
  154  15:48  Zerg Flyer Armor Level 1, Spire  
  152  15:52  Zerg Missile Weapons Level 2  
  152  15:53  Zerg Ground Armor Level 2  
  148  16:08  Roach x9  
  150  16:18  Roach  
  150  16:19  Roach x4  
  96  16:42  Hydralisk x7  
  110  17:00  Hydralisk x5  
  110  17:01  Hydralisk  
  110  17:22  Zergling x20  
  118  17:23  Zergling x2  
  119  17:43  Hatchery  
  111  18:04  Hatchery  
  90  18:37  Roach  
  90  18:38  Roach x9  
  90  18:40  Hydralisk x8  
  124  19:03  Mutalisk x3  
  124  19:04  Mutalisk x4  
  138  19:19  Hive  
  128  19:26  Hydralisk x4  
  106  19:43  Hydralisk x4  
  77  20:07  Extractor x2  
  73  20:17  Corruptor  
  73  20:18  Corruptor x8  
Show
View Real Time Build Order
Export as new Build Order

weltsturz Zerg 

Build Orders: Hatch First, Swarm Host 

Get SALT Encoding   

  12  0:02  Drone  
  13  0:12  Overlord  
  13  0:20  Drone  
  14  0:30  Drone  
  14  0:31  Drone  
  16  0:36  Drone  
  17  0:46  Drone  
  18  0:58  Drone  
  18  0:59  Hatchery  
  18  1:12  Spawning Pool  
  18  1:14  Extractor  
  18  1:16  Drone  
  17  1:21  Drone  
  18  1:28  Drone  
  19  1:39  Overlord  
  19  1:58  Queen  
  21  2:01  Zergling x4  
  23  2:11  Queen  
  23  2:12  Drone x2  
  27  2:17  Metabolic Boost  
  27  2:32  Drone x2  
  29  2:42  Overlord  
  29  2:47  Queen  
  31  2:58  Overlord  
  31  2:59  Drone  
  31  3:00  Drone x3  
  35  3:17  Baneling Nest  
  34  3:33  Hatchery  
  34  3:34  Zergling x14  
  34  3:35  Zergling x4  
  34  3:38  Drone  
  34  3:40  Drone  
  44  3:42  Drone x2  
  44  3:47  Overlord  
  46  3:53  Spine Crawler  
  43  4:05  Overlord  
  43  4:06  Drone x3  
  43  4:07  Drone  
  47  4:12  Spine Crawler  
  43  4:20  Zergling x2  
  43  4:21  Zergling x10  
  47  4:29  Drone x3  
  49  4:33  Drone  
  50  4:41  Baneling x2  
  50  4:44  Drone x2  
  50  5:03  Extractor  
  50  5:05  Extractor  
  48  5:17  Drone x7  
  48  5:18  Drone x2  
  48  5:21  Queen  
  58  5:30  Drone  
  58  5:31  Drone, Overlord  
  58  5:32  Overlord x5  
  58  5:34  Lair  
  60  5:40  Hatchery  
  60  5:41  Drone x2  
  59  6:01  Evolution Chamber  
  58  6:04  Evolution Chamber  
  58  6:07  Spine Crawler  
  58  6:10  Spine Crawler  
  55  6:21  Spore Crawler  
  55  6:22  Queen  
  56  6:27  Spore Crawler  
  56  6:29  Spore Crawler  
  56  6:30  Queen  
  52  6:46  Zergling x6  
  51  6:47  Zergling x14  
  51  6:48  Zergling x16  
  51  6:49  Zergling x8  
  68  7:00  Spore Crawler  
  68  7:01  Spine Crawler  
  47  7:42  Hatchery  
  46  7:44  Zerg Melee Weapons Level 1, Zerg Ground Armor Level 1  
  46  7:48  Infestation Pit  
  45  7:55  Drone  
  36  8:25  Hatchery  
  35  8:27  Overlord x3  
  35  8:35  Drone x3, Extractor  
  35  8:37  Hive  
  37  8:57  Spine Crawler, Spore Crawler  
  37  8:59  Swarm Host x2  
  37  9:00  Swarm Host x3  
  37  9:01  Swarm Host  
  53  9:40  Drone x8  
  53  9:41  Drone x2  
  53  9:44  Spore Crawler  
  44  10:01  Spore Crawler  
  44  10:03  Spore Crawler  
  44  10:05  Zerg Melee Weapons Level 2  
  42  10:09  Zerg Ground Armor Level 2  
  42  10:19  Spore Crawler  
  41  10:21  Spore Crawler  
  41  10:25  Spore Crawler  
  40  10:28  Drone  
  40  10:30  Spine Crawler  
  40  10:31  Drone  
  40  10:33  Drone  
  41  10:46  Ultralisk Cavern  
  40  10:52  Drone  
  40  10:53  Drone x3  
  40  10:54  Drone  
  45  10:57  Drone  
  46  11:18  Zergling x4  
  46  11:19  Zergling x16  
  56  11:29  Spine Crawler  
  55  11:38  Baneling x3  
  55  11:39  Baneling  
  48  11:58  Zergling x4  
  48  11:59  Zergling x14  
  48  12:00  Zergling x2  
  55  12:12  Ultralisk  
  61  12:32  Anabolic Synthesis  
  61  12:38  Adrenal Glands  
  61  12:41  Ultralisk x2  
  73  13:03  Hatchery  
  72  13:12  Ultralisk  
  69  13:15  Chitinous Plating  
  67  13:28  Drone x5  
  67  13:32  Drone  
  73  13:46  Drone x5  
  79  13:48  Drone  
  79  14:18  Ultralisk x2  
  67  14:43  Ultralisk  
  67  14:44  Ultralisk x2  
  85  14:53  Ultralisk  
  91  15:07  Hatchery  
  91  15:08  Ultralisk  
  102  15:21  Ultralisk  
  102  15:34  Ultralisk  
  102  15:35  Hatchery  
  107  15:41  Zerg Melee Weapons Level 3  
  107  15:47  Zerg Ground Armor Level 3  
  107  16:13  Ultralisk x2  
  107  16:14  Zergling x10  
  107  16:15  Zergling x2  
  83  16:39  Ultralisk x2  
  89  16:41  Zergling x8  
  93  16:56  Drone x8  
  101  17:06  Ultralisk  
  91  17:25  Zergling x6, Ultralisk  
  100  17:51  Ultralisk x3  
  112  17:52  Zergling x6  
  112  17:53  Zergling x2  
  107  18:13  Ultralisk x2  
  107  18:14  Zergling x2  
  112  18:26  Zergling x2  
  112  18:27  Zergling x14  
  112  18:28  Zergling x2  
  112  18:29  Zergling x4  
  119  18:34  Ultralisk Cavern  
  128  19:00  Zergling x4  
  135  19:07  Ultralisk x3  
  83  19:36  Ultralisk x2  
Tags
 
Add a new tag
Caveats
  • Supply blocks, unpowered buildings, or Contaminate may cause inaccurate times.
  • Supply counts are checked every 10 seconds.